 Dungeon Crawl Stone Soup version 0.32-a0-12-g7fc57aa741 (webtiles) character file.

Game seed: 781602004771873047

301 Ivernyr the Shield-Bearer (level 6, -1/49 HPs)
             Began as a Formicid Fighter on Jan 14, 2024.
             Slain by Duvessa
             ... wielding a +5 short sword
              (4 damage)
             ... on level 4 of the Dungeon.
             The game lasted 00:07:44 (2388 turns).

Ivernyr the Shield-Bearer (Formicid Fighter)        Turns: 2388, Time: 00:07:46

Health: -1/49      AC:  8    Str: 23    XL:     6   Next: 64%
Magic:  6/6        EV:  9    Int:  7    God:
Gold:   210        SH:  5    Dex: 13    Spells: 5/5 levels left

rFire   . . .        a - +0 quarterstaff
rCold   . . .        c - +0 buckler
rNeg    . . .        b - +0 scale mail
rPois   .            (helmet unavailable)
rElec   .            (no cloak)
rCorr   .            l - +0 pair of gloves
SInv    +            (no boots)
Will    .....        (no amulet) Stlth
                     (no ring)
HPRegen 0.28/turn    (no ring)
MPRegen 0.10/turn

%: no passive effects
@: no status effects
A: permanent stasis, dig shafts and tunnels, antennae 3, four strong arms
a: Dig, Shaft Self


You were on level 4 of the Dungeon.
You visited 1 branch of the dungeon, and saw 4 of its levels.

You collected 210 gold pieces.

Inventory:

Hand Weapons
 a - a +0 quarterstaff (weapon)
Armour
 b - a +0 scale mail (worn)
 c - a +0 buckler (worn)
 f - a +0 pair of gloves
 l - a +0 pair of gloves (worn)
Scrolls
 e - 3 scrolls of fear {unknown}
 h - a scroll of amnesia {unknown}
 j - 2 scrolls of identify {unknown}
 k - a scroll of immolation {unknown}
 n - a scroll of revelation {unknown}
 o - a scroll of enchant weapon {unknown}
Potions
 d - 3 potions of might
 g - a potion of heal wounds {unknown}
 i - a potion of lignification {unknown}
 m - a potion of curing {unknown}


   Skills:
 + Level 4.7 Fighting
 + Level 3.6 Staves
 + Level 4.6 Armour
 + Level 5.7 Shields


You had 5 spell levels left.
You didn't know any spells.
Your spell library was empty.

Dungeon Overview and Level Annotations

Branches:
Dungeon (4/15)
 Temple: D:4-7

Altars:

Annotations:
D:4 Dowan, Duvessa


Innate Abilities, Weirdness & Mutations

You cannot be hasted, slowed, berserked, paralysed or teleported.
You can dig through walls and to a lower floor.
You have a pair of large antennae on your head. (SInv)
Your four strong arms can wield two-handed weapons with a shield.


Message History

The hound closely misses you. You block the hobgoblin's attack.
The hound bites you.
The hobgoblin hits you but does no damage.
Duvessa, Sister of Dowan comes into view.
She is wielding a +5 short sword.
You thump the hound!
You kill the hound!
The hobgoblin hits you but does no damage.
Dowan, Brother of Duvessa comes into view.
He is wielding a +0 dagger.
You completely miss the hobgoblin.
Dowan shouts!
The hobgoblin hits you but does no damage.
You hit the hobgoblin.
The hobgoblin is severely wounded.
The hobgoblin closely misses you.
You closely miss the hobgoblin.
The hobgoblin is severely wounded.
You block the hobgoblin's attack.
You hit the hobgoblin but do no damage.
The hobgoblin is severely wounded.
The hobgoblin hits you but does no damage.
You thump the hobgoblin!
You kill the hobgoblin!
Dowan casts a spell at Duvessa.
Duvessa seems to speed up.
Duvessa hits you with a +5 short sword! Duvessa hits you with a +5 short sword.
Duvessa hits you but does no damage. Duvessa hits you with a +5 short sword!
You barely miss Duvessa. You block Duvessa's attack.
Dowan casts a spell.
Dowan blinks!
Duvessa hits you with a +5 short sword!
You closely miss Duvessa. Duvessa completely misses you.
Okay, then.
Duvessa hits you with a +5 short sword!
* * * LOW HITPOINT WARNING * * *
Duvessa hits you with a +5 short sword.
* * * LOW HITPOINT WARNING * * *
You begin to dig a shaft.
You continue digging a shaft.
Duvessa hits you with a +5 short sword.
You die...

#.....#.<...
###.#..##.####
##.....#...#
####........###
##########......######
#............##.#
#......).#####..#
#........##....##
#........e@.###
#....e...####
#........# #........#
#........# ###†)#####
...## #...## #..#.


You could see Duvessa (fast) and Dowan.

Vanquished Creatures
  Sigmund (D:2)
  A hound (D:4)
  2 adders (D:3)
  A dart slug (D:2)
  4 orcs (D:3)
  14 ball pythons
  8 endoplasms
  3 giant cockroaches (D:1)
  7 goblins
  5 hobgoblins
  8 jackals (D:1)
  8 kobolds
  2 quokkas
  4 bats
  4 frilled lizards
  3 rats (D:1)
75 creatures vanquished.

Notes
Turn   | Place    | Note
-------+----------+-------------------------------------------
     0 | D:1      | Ivernyr the Formicid Fighter began the quest for the Orb.
     0 | D:1      | Reached XP level 1. HP: 18/18 MP: 1/1
    49 | D:1      | Reached XP level 2. HP: 11/24 MP: 2/2
   234 | D:1      | Reached XP level 3. HP: 29/29 MP: 3/3
   933 | D:2      | Reached XP level 4. HP: 34/37 MP: 4/4
   967 | D:2      | Noticed Sigmund
  1051 | D:2      | Killed Sigmund
  1052 | D:2      | Reached skill level 5 in Shields
  1052 | D:2      | Reached XP level 5. HP: 29/43 MP: 5/5
  1052 | D:2      | Reached XP level 6. HP: 33/49 MP: 6/6
  1147 | D:2      | Identified the +9 falchion of Ebitenwo {vamp, Int+3}
  1778 | D:3      | Identified the +1 ring mail "Kanais" {Str+2 Int+5 Slay-3}
  2371 | D:4      | Noticed Duvessa
  2373 | D:4      | Noticed Dowan
  2387 | D:4      | HP: 2/49 [Duvessa/+5 short sword (5)]
  2388 | D:4      | Slain by Duvessa

Illustrated notes

Levels and vault maps discovered:
D:1:      dpeg_arrival_ternary, layout_basic
D:2:      layout_basic, uniq_sigmund
D:3:      layout_loops_corners, minmay_liquid_box, chequers_decorated_corner
D:4:      layout_rooms, minitemple, serial_shops, shop, uniq_duvessa

Skill      XL: |  1  2  3  4 |
---------------+-------------+-----
Fighting       | 4 |  4.7
Staves         | 3 |  3.6
Armour         | 4 |  4.6
Shields        | 5 |  5.7

Action                     |  1- 3 |  4- 6 || total
---------------------------+-------+-------++-------
  Melee: Quarterstaff      |    99 |   108 ||   207
Ability: Shaft Self        |       |     1 ||     1
 Armour: Scale mail        |    77 |    75 ||   152
  Dodge: Dodged            |    44 |    56 ||   100
  Block: Buckler           |    30 |    40 ||    70

Table legend: (Time is in decaauts)
 A = Elapsed time spent in this place.
 B = Non-inter-level travel time spent in this place.
 C = Inter-level travel time spent in this place.
 D = Time resting spent in this place.
 E = Time spent auto-exploring this place.
 F = Levels seen in this place.
 G = Mean time per level.
                   A        B        C        D        E       F      G
               +--------+--------+--------+--------+--------+-----+--------+
         Total |   2426 |   2380 |     46 |    197 |   1528 |   4 |  606.5 |
       Dungeon |   2426 |   2380 |     46 |    197 |   1528 |   4 |  606.5 |
               +--------+--------+--------+--------+--------+-----+--------+

Top non-repeatable levels by time:
     D:3: 889 daAuts
     D:1: 841 daAuts
     D:2: 584 daAuts
     D:4: 111 daAuts
